 Dungeon Crawl Stone Soup version 0.30-a0-439-g9e77e4d916 (webtiles) character file.

Game seed: 9350746205316395973

1398 oldriver the Thaumaturge (level 8, -11/64 HPs)
             Began as a Mummy Necromancer on Dec 7, 2022.
             Was an Initiate of Hepliaklqana.
             Mangled by a cyan ugly thing (13 damage)
             ... on level 6 of the Dungeon on Dec 10, 2022.
             The game lasted 00:10:02 (6816 turns).

oldriver the Thaumaturge (Mummy Necromancer)        Turns: 6816, Time: 00:10:02

Health: -11/64     AC:  7    Str: 11    XL:     8   Next: 41%
Magic:  15/20      EV: 11    Int: 17    God:    Hepliaklqana [......]
Gold:   90         SH:  9    Dex: 12    Spells: 14/23 levels left

rFire   . . .      SeeInvis .    c - +1 hand axe (vorpal)
rCold   + . .      Faith    +    l - +0 buckler
rNeg    + + +      Spirit   .    a - +0 robe
rPois   ∞          Reflect  +    (no helmet)
rElec   .          Harm     .    m - +1 cloak
rCorr   .          Rampage  .    (no gloves)
Will    +....                    s - +2 pair of boots
Stlth   ++........               k - amulet of reflection
HPRegen 0.30/turn                b - ring of protection from fire
MPRegen 0.17/turn                (no ring)

@: no status effects
A: cold resistance 1, negative energy resistance 3, torment resistance 2, heat
vulnerability 1, in touch with death 1, no potions, faith
a: Renounce Religion


You were on level 6 of the Dungeon.
You worshipped Hepliaklqana.
Hepliaklqana was noncommittal.
You visited 2 branches of the dungeon, and saw 7 of its levels.

You collected 216 gold pieces.
You spent 126 gold pieces at shops.

Inventory:

Hand Weapons
 c - a +1 vorpal hand axe (weapon)
Armour
 a - a +0 robe (worn)
 l - a +0 buckler (worn)
 m - a +1 cloak (worn)
 s - a +2 pair of boots (worn)
Jewellery
 b - a ring of protection from fire (left hand)
 k - an amulet of reflection (around neck)
Scrolls
 d - 4 scrolls of enchant armour {unknown}
 e - a scroll of identify
 f - a scroll of immolation {unknown}
 g - 2 scrolls of poison {unknown}
 h - 2 scrolls of amnesia
 i - 6 scrolls of teleportation
 j - a scroll of brand weapon
 n - 2 scrolls of blinking
 o - 3 scrolls of butterflies
 p - a scroll of silence {unknown}
 q - a scroll of vulnerability
 r - a scroll of enchant weapon
 t - a scroll of noise {unknown}


   Skills:
 + Level 6.1 Fighting
 - Level 1.5 Dodging
 - Level 1.5 Stealth
 + Level 3.6 Shields
 + Level 8.0 Spellcasting
 - Level 2.0 Conjurations
 - Level 4.0 Necromancy


You had 14 spell levels left.
You knew the following spells:

 Your Spells              Type           Power      Damage    Failure   Level
a - Necrotise             Necr           100%       1d9       2%          1
b - Vampiric Draining     Necr           30%        2d8       8%          3
c - Animate Dead          Necr           30%        N/A       26%         4
d - Magic Dart            Conj           52%        1d5       6%          1

Your spell library contained the following spells:

 Spells                   Type           Power      Damage    Failure   Level
 Call Imp                 Summ           6%         N/A       21%         2
 Mephitic Cloud           Conj/Pois/Air  9%         N/A       30%         3
 Agony                    Necr           30%        N/A       58%         5


Dungeon Overview and Level Annotations

Branches:
Dungeon (6/15)             Temple (1/1) D:5

Altars:
Dithmenos
Fedhas
Gozag
Hepliaklqana
Kikubaaqudgha
Makhleb
Nemelex Xobeh
Okawaru
Qazlal
Ru
Trog
Vehumet
Wu Jian

Shops:
D:1 !   D:5 ?


Innate Abilities, Weirdness & Mutations

You are immune to poison.
Your flesh is cold resistant. (rC+)
You are immune to negative energy. (rN+++)
You are immune to unholy pain and torment.
You are vulnerable to heat. (rF-)
You are in touch with the powers of death.
You do not drink.
You have a special connection with the divine. (Faith)


Message History

You feel a surge of power!
The scorpion writhes in agony.
You kill the scorpion!
Your Spellcasting skill increases to level 8!
You can't see any susceptible monsters within range! (Use Z to cast anyway.)
You can't see any susceptible monsters within range! (Use Z to cast anyway.)
You can't see any susceptible monsters within range! (Use Z to cast anyway.)
You see here a scorpion corpse.
You now have 90 gold pieces (gained 11).
A cyan ugly thing is nearby!
A cyan ugly thing is nearby!
A cyan ugly thing is nearby!
The cyan ugly thing gurgles horribly!
You feel a surge of power!
The cyan ugly thing writhes in agony.
You feel a surge of power!
The cyan ugly thing struggles to resist.
You feel a surge of power!
The cyan ugly thing struggles to resist.
You block the cyan ugly thing's attack.
Casting: Necrotise (safe; 2% risk of failure)
Confirm with . or Enter, or press ? or * to list all spells.
Aiming: Vampiric Draining (dangerous; 8% risk of failure)
Press: ? - help, Shift-Dir - straight line, f/p - cyan ugly thing
Aim: a cyan ugly thing (lightly wounded)
You feel a surge of power!
You draw life force from the cyan ugly thing.
The cyan ugly thing tentacle-slaps you. The cyan ugly thing shocks you!
Unknown command.
You hit the cyan ugly thing.
The cyan ugly thing is lightly wounded.
The cyan ugly thing tentacle-slaps you! The cyan ugly thing shocks you!
You closely miss the cyan ugly thing.
The cyan ugly thing is lightly wounded.
The cyan ugly thing tentacle-slaps you.
* * * LOW HITPOINT WARNING * * *
The cyan ugly thing shocks you!
* * * LOW HITPOINT WARNING * * *
The cyan ugly thing tentacle-slaps you.
* * * LOW HITPOINT WARNING * * *
The cyan ugly thing shocks you!
You die...

.... .# ##........[.... ...
..##.............. ## ##..
.....###.##...†... #..#...
#...# ###........ .......##
....### ###...... ........#
###...####....##.
........###.............##.
#...#.......#.......#.
###..u@.....##...##.##.
..........................
...............##...##...#
..............###..##..###
...###..........#..##..#
..# #........#.....#...# #
.. #...##.#..##.......###
.....##..........##.##.
..... #.P.P.##......#..


You could see a cyan ugly thing.

Vanquished Creatures
  Sigmund (D:3)
  Eustachio (D:5)
  2 black bears
  2 centaurs (D:6)
  A gnoll sergeant (D:6)
  2 necrophages
  3 scorpions
  A howler monkey (D:6)
  A hound (D:5)
  3 iguanas
  Terence (D:2)
  5 gnolls
  10 adders
  A shadow imp (D:5)
  A white imp (D:5)
  2 worms
  2 dart slugs
  2 orcs
  5 endoplasms
  3 giant cockroaches
  4 goblins
  4 hobgoblins
  6 jackals (D:1)
  3 kobolds
  A quokka (D:2)
  6 ball pythons
  2 bats (D:1)
  2 frilled lizards (D:3)
  3 rats
80 creatures vanquished.

Vanquished Creatures (collateral kills)
  A ball python (D:2)
  A bat (D:1)
  An endoplasm (D:1)
  A goblin (D:2)
  A frilled lizard (D:1)
5 creatures vanquished.

Grand Total: 85 creatures vanquished

Notes
Turn   | Place    | Note
-------+----------+-------------------------------------------
     0 | D:1      | oldriver the Mummy Necromancer began the quest for the Orb.
     0 | D:1      | Reached XP level 1. HP: 13/13 MP: 4/4
    32 | D:1      | Found a faded altar of an unknown god.
    83 | D:1      | Reached skill level 3 in Spellcasting
   155 | D:1      | Reached skill level 1 in Fighting
   267 | D:1      | Reached XP level 2. HP: 21/21 MP: 1/6
   510 | D:1      | Upgraded the game from 0.30-a0-394-g3e4acdb0ae to
                  | 0.30-a0-424-g7412bad402
   510 | D:1      | Upgraded the game from 0.30-a0-424-g7412bad402 to
                  | 0.30-a0-439-g9e77e4d916
   733 | D:1      | Found Uqayg's Distillery.
   922 | D:2      | Gained mutation: You are in touch with the powers of death.
                  | [Mummy growth]
   922 | D:2      | Reached XP level 3. HP: 23/27 MP: 2/8
   932 | D:2      | Noticed Terence
  1073 | D:2      | Killed Terence
  1074 | D:2      | Reached skill level 4 in Spellcasting
  1701 | D:3      | Noticed Sigmund
  1709 | D:3      | Learned a level 3 spell: Vampiric Draining
  1721 | D:3      | Killed Sigmund
  1722 | D:3      | Reached skill level 5 in Spellcasting
  1722 | D:3      | Reached XP level 4. HP: 20/37 MP: 0/11
  1722 | D:3      | Reached XP level 5. HP: 23/42 MP: 0/13
  2036 | D:3      | Noticed a black bear
  2467 | D:4      | Reached XP level 6. HP: 48/48 MP: 12/14
  2482 | D:4      | You fall into a shaft and drop 2 floors!
  2489 | D:6      | Noticed a cyan ugly thing
  2493 | D:5      | Entered Level 5 of the Dungeon
  2927 | D:4      | Learned a level 1 spell: Magic Dart
  2956 | D:4      | Reached skill level 1 in Shields
  2956 | D:4      | Reached skill level 6 in Spellcasting
  3467 | D:5      | Found Meff's Magic Scroll Boutique.
  3669 | D:5      | Bought a scroll of teleportation for 36 gold pieces
  3669 | D:5      | Bought a scroll of blinking for 90 gold pieces
  3693 | D:5      | Found a staircase to the Ecumenical Temple.
  3892 | Temple   | Entered the Ecumenical Temple
  4105 | Temple   | Became a worshipper of Hepliaklqana the Forgotten
  4469 | D:5      | Reached skill level 1 in Conjurations
  4469 | D:5      | Reached XP level 7. HP: 36/55 MP: 5/16
  4629 | D:5      | Learned a level 4 spell: Animate Dead
  4663 | D:5      | Noticed Eustachio
  4746 | D:5      | Killed Eustachio
  5141 | D:3      | Reached skill level 5 in Fighting
  5477 | D:3      | Found an opulent altar of Gozag.
  5724 | D:5      | Reached skill level 7 in Spellcasting
  5934 | D:6      | Reached XP level 8. HP: 45/63 MP: 13/18
  6363 | D:6      | Found a blossoming altar of Fedhas.
  6762 | D:6      | Reached skill level 8 in Spellcasting
  6816 | D:6      | HP: 3/64 [cyan ugly thing (14)]
  6816 | D:6      | Mangled by a cyan ugly thing

Illustrated notes

Levels and vault maps discovered:
D:1:      dpeg_arrival_solitude, layout_rooms, basic_ecumenical_altar,
          serial_shops, nicolae_shop_crystal
D:2:      layout_rooms, uniq_terence
D:3:      layout_basic, grunt_gozag_breadcrumbs, minivault_26, uniq_sigmund
D:4:      layout_loops_ring
D:5:      layout_rooms, minmay_temple_entry_junction, serial_shops,
          nicolae_shop_advertising_works [nicolae_subvault_shop_adworks],
          kennysheep_generic_room_13, uniq_eustachio
D:6:      layout_cave_pools, fedhas_altar_1
Temple:   minmay_temple_forest_path

Skill      XL: |  1  2  3  4  5  6  7  8 |
---------------+-------------------------+-----
Spellcasting   | 3 5 6 7 8 |  8.0
Fighting       | 1 3 4 5 6 |  6.1
Shields        | 1 2 3 |  3.6
Conjurations   | 1 2 |  2.0
Dodging        | |  1.5
Stealth        | |  1.5
Necromancy     | |  4.0

Action                   |  1- 3 |  4- 6 |  7- 9 || total
-------------------------+-------+-------+-------++-------
Melee: Dagger            |    13 |    48 |     3 ||    64
       Unarmed           |     6 |       |       ||     6
       Punch             |       |     1 |       ||     1
       Hand axe          |       |       |     2 ||     2
 Cast: Necrotise         |    56 |    67 |    68 ||   191
       Vampiric Draining |     1 |       |    18 ||    19
       Magic Dart        |       |    33 |    13 ||    46
  Use: Scroll            |       |       |     5 ||     5
Armor: Robe              |    10 |    19 |    21 ||    50
Dodge: Dodged            |    42 |    48 |    26 ||   116
Block: Other             |       |    16 |       ||    16
       Buckler           |       |       |    30 ||    30
       Reflection        |       |       |     5 ||     5

Table legend: (Time is in decaauts)
 A = Elapsed time spent in this place.
 B = Non-inter-level travel time spent in this place.
 C = Inter-level travel time spent in this place.
 D = Time resting spent in this place.
 E = Time spent auto-exploring this place.
 F = Levels seen in this place.
 G = Mean time per level.
                   A        B        C        D        E       F      G
               +--------+--------+--------+--------+--------+-----+--------+
         Total |   6825 |   6253 |    572 |   1309 |   4032 |   7 |  975.0 |
       Dungeon |   6409 |   5865 |    544 |   1309 |   3656 |   6 | 1068.2 |
        Temple |    415 |    388 |     27 |      0 |    376 |   1 |  415.0 |
               +--------+--------+--------+--------+--------+-----+--------+

Top non-repeatable levels by time:
     D:5: 1592 daAuts
     D:3: 1429 daAuts
     D:4: 1200 daAuts
     D:1: 880 daAuts
     D:6: 712 daAuts
     D:2: 594 daAuts
  Temple: 415 daAuts
